 Dungeon Crawl Stone Soup version 0.29.0-13-gc9e81de378 (webtiles) character file.

Game seed: 3007348685127319543

302 AttackTheMoon the Shooter (level 6, -2/52 HPs)
             Began as a Ghoul Hunter on Sept 10, 2022.
             Was an Initiate of Cheibriados.
             Slain by Menkaure (7 damage)
             ... on level 5 of the Dungeon.
             The game lasted 00:06:56 (3334 turns).

AttackTheMoon the Shooter (Ghoul Hunter)            Turns: 3334, Time: 00:06:57

Health: -2/52      AC:  3    Str: 16    XL:     6   Next: 37%
Magic:  5/5        EV: 12    Int: 11    God:    Cheibriados [......]
Gold:   132        SH:  5    Dex: 15    Spells: 5/5 levels left

rFire   . . .      SeeInvis .   j - +0 sling (flame)
rCold   + . .      Faith    .   (no shield)
rNeg    + + +      Spirit   .   c - +0 leather armour
rPois   ∞          Reflect  +   (no helmet)
rElec   .          Harm     .   (no cloak)
rCorr   .          Rampage  .   (no gloves)
Will    .....                   (no boots)
Stlth   ++........              s - amulet of reflection
HPRegen 0.00/turn               h - +6 ring of intelligence
MPRegen 0.09/turn               (no ring)

@: inhibited regen, very slow
A: claws 1, cold resistance 1, negative energy resistance 3, inhibited
regeneration, torment resistance 2, devour on kill
a: Renounce Religion


You were on level 5 of the Dungeon.
You worshipped Cheibriados.
Cheibriados was noncommittal.
You visited 1 branch of the dungeon, and saw 5 of its levels.

You collected 132 gold pieces.

Inventory:

Hand Weapons
 a - a +0 shortbow
 i - a +2 dagger of freezing
 j - a +0 sling of flaming (weapon)
Armour
 c - a +0 leather armour (worn)
Jewellery
 h - a +6 ring of intelligence (left claw)
 s - an amulet of reflection (around neck)
Scrolls
 b - a scroll of immolation
 m - a scroll of blinking
Potions
 d - 3 potions of berserk rage {unknown}
 e - a potion of mutation {unknown}
 f - 4 potions of haste {unknown}
 g - a potion of cancellation {unknown}
 k - 3 potions of invisibility {unknown}
 l - a potion of lignification {unknown}
 n - 3 potions of curing {unknown}
 o - a potion of flight {unknown}
 r - a potion of attraction {unknown}
 t - a potion of might {unknown}


   Skills:
 + Level 4.0 Fighting
 + Level 4.6 Ranged Weapons
 + Level 3.2 Dodging
 + Level 3.7 Stealth


You had 5 spell levels left.
You didn't know any spells.
Your spell library contained the following spells:

 Spells                   Type           Power      Damage    Failure   Level
 Ensorcelled Hibernation  Hex/Ice        0%         N/A       54%         2
 Passwall                 Tmut/Erth      0%         N/A       54%         2
 Dazzling Flash           Conj/Hex       0%         N/A       78%         3
 Swiftness                Air            0%         N/A       78%         3
 Iskenderun's Mystic Bla  Conj/Tloc      0%         2d3       99%         4
 Starburst                Conj/Fire      0%         6d3       100%        6


Dungeon Overview and Level Annotations

Branches:
Dungeon (5/15)
 Temple: D:4-7

Altars:
Ashenzari
Cheibriados
Dithmenos
Fedhas
Hepliaklqana
Makhleb
Okawaru
Ru
Uskayaw
Wu Jian
Yredelemnul

Shops:
D:2 ?   D:5 *

Annotations:
D:5 Menkaure


Innate Abilities, Weirdness & Mutations

You are immune to poison.
You have sharp fingernails.
Your flesh is cold resistant. (rC+)
You are immune to negative energy. (rN+++)
You do not regenerate when monsters are visible.
You are immune to unholy pain and torment.
You thrive by killing the living.


Message History

Fire: j) +0 sling (flame)
Press: ? - help, Q - select action Shift-Dir - straight line, f/p - Menkaure
Aim: Menkaure (75% to hit)
You shoot a sling bullet.
The sling bullet hits Menkaure but does no damage.
Unknown command.
Fire: j) +0 sling (flame)
Press: ? - help, Q - select action Shift-Dir - straight line, f/p - Menkaure
Aim: Menkaure (75% to hit)
You shoot a sling bullet.
The sling bullet barely misses Menkaure.
Menkaure gestures wildly while chanting.
Menkaure seems to speed up.
Fire: j) +0 sling (flame)
Press: ? - help, Q - select action Shift-Dir - straight line, f/p - Menkaure
Aim: Menkaure (fast, 75% to hit)
You shoot a sling bullet. The sling bullet hits Menkaure.
The sling bullet burns Menkaure.
Menkaure is moderately damaged.
Fire: j) +0 sling (flame)
Press: ? - help, Q - select action Shift-Dir - straight line, f/p - Menkaure
Aim: Menkaure (moderately damaged, fast, 75% to hit)
You shoot a sling bullet. The sling bullet hits Menkaure.
The sling bullet burns Menkaure.
Menkaure is heavily damaged.
Fire: j) +0 sling (flame)
Press: ? - help, Q - select action Shift-Dir - straight line, f/p - Menkaure
Aim: Menkaure (heavily damaged, fast, 75% to hit)
You shoot a sling bullet.
The sling bullet hits Menkaure but does no damage.
Menkaure is heavily damaged.
Menkaure barely misses you.
Fire: j) +0 sling (flame)
Press: ? - help, Q - select action Shift-Dir - straight line, f/p - Menkaure
Aim: Menkaure (moderately damaged, fast, 75% to hit)
You shoot a sling bullet.
The sling bullet hits Menkaure but does no damage.
Menkaure is moderately damaged.
Menkaure hits you!
You die...

#..#####
......#
......#
.....+
.....#
#...#
#.$.#
#M..#
#@..#
#####


You could see Menkaure (fast).

Vanquished Creatures
  An ogre (D:3)
  Jessica (D:2)
  An iguana (D:4)
  6 gnolls
  4 adders
  A worm (D:2)
  A dart slug (D:1)
  2 orcs
  5 bats
  9 endoplasms
  3 giant cockroaches
  5 goblins
  7 hobgoblins
  3 quokkas
  8 ball pythons
  A frilled lizard (D:2)
  6 kobolds
  9 rats
73 creatures vanquished.

Notes
Turn   | Place    | Note
-------+----------+-------------------------------------------
     0 | D:1      | AttackTheMoon the Ghoul Hunter began the quest for the Orb.
     0 | D:1      | Reached XP level 1. HP: 17/17 MP: 0/0
   187 | D:1      | Reached XP level 2. HP: 24/25 MP: 1/1
   732 | D:2      | Reached XP level 3. HP: 30/30 MP: 2/2
  1153 | D:2      | Reached XP level 4. HP: 26/38 MP: 3/3
  1415 | D:2      | Found Dinkept's Magic Scroll Shop.
  1427 | D:2      | Noticed Jessica
  1431 | D:2      | Killed Jessica
  1908 | D:3      | Noticed an ogre
  1915 | D:3      | Killed an ogre
  1916 | D:3      | Reached XP level 5. HP: 45/45 MP: 4/4
  2012 | D:3      | Found an iron altar of Okawaru.
  2505 | D:4      | Reached XP level 6. HP: 21/52 MP: 5/5
  2715 | D:4      | Found a hazy altar of Hepliaklqana.
  2716 | D:4      | Found a shadowy altar of Dithmenos.
  2717 | D:4      | Found an ornate altar of the Wu Jian Council.
  2717 | D:4      | Found a sacrificial altar of Ru.
  2718 | D:4      | Found a broken altar of Ashenzari.
  2718 | D:4      | Found a blossoming altar of Fedhas.
  2719 | D:4      | Found a hide-covered altar of Uskayaw.
  2723 | D:4      | Found a snail-covered altar of Cheibriados.
  2724 | D:4      | Found a burning altar of Makhleb.
  2748 | D:4      | Became a worshipper of Cheibriados the Contemplative
  2768 | D:4      | Found a basalt altar of Yredelemnul.
  2792 | D:4      | Identified the +1 ring mail "Vophuc" {-Cast Rampage rC++
                  | SInv}
  3302 | D:5      | Entered Level 5 of the Dungeon
  3326 | D:5      | Found Dung's Assorted Antiques.
  3326 | D:5      | Noticed Menkaure
  3334 | D:5      | Slain by Menkaure

Illustrated notes

Levels and vault maps discovered:
D:1:      mrwooster_arrival_statue, layout_basic
D:2:      layout_loops_corners, serial_shops, nicolae_shop_statue_plus,
          uniq_jessica
D:3:      layout_basic, overflow_temple_1_default, kennysheep_doodads,
          hangedman_decor_points
D:4:      layout_basic, mainiacjoe_overflow_alcove_4, nicolae_overflows_in_rows
D:5:      layout_basic, temple_green, serial_shops,
          nicolae_shop_temple_entry_statues_fountains, gup_sewer_entry_pipe,
          uniq_menkaure

Skill      XL: |  1  2  3  4  5  6 |
---------------+-------------------+-----
Dodging        | 2 3 |  3.2
Stealth        | 2 3 |  3.7
Ranged Weapons | 4 |  4.6
Fighting       | 3 4 |  4.0

Action                   |  1- 3 |  4- 6 || total
-------------------------+-------+-------++-------
 Fire: Shortbow          |    74 |       ||    74
       Sling             |    23 |   125 ||   148
  Use: Scroll            |     3 |     3 ||     6
Armor: Leather armour    |    15 |    10 ||    25
Dodge: Dodged            |    38 |    40 ||    78
Block: Other             |       |     6 ||     6
